AoeStats
← joahellen22

Arena

509308067Analyzed
1v1 RM · 6d ago on Sep 26, 2026· 31m 30s· 2 players
Game mode
Random Map
Map size
Tiny (2 player)
Population
200
Speed
Normal
Resources
Standard
Victory
Conquest
Starting age
Dark Age
Ending age
Imperial Age
RankedLock teamsTeams togetherTeam positionsShared explorationLock speedFull tech treeHidden civsTurbo modeCheats
Victory
Defeat
🇷🇺 Italians · Russia
843
+18
🇳🇱 Spanish · Netherlands
877
-49
joahellen22
0:36 Loom
12:51 Feudal Age
YuriK5846
10:32 Feudal Age
14:31 Castle Age
12:30 Double-Bit Axe
12:58 Horse Collar
15:17 Light Cavalry
17:32 Bow Saw
20:07 Loom
23:14 Stone Mining
25:17 Wheelbarrow
25:46 Fletching
26:23 Padded Archer Armor
29:12 Imperial Age
27:20 Ballistics
26:41 Treadmill Crane
28:59 Bloodlines
29:10 Bodkin Arrow
29:16 Padded Archer Armor
29:23 Scale Barding Armor
29:28 Forging
29:41 Heavy Plow
30:21 Bracer
31:47 Chemistry
31:43 Conscription
Connection lost

Rejoining the realm…

Still unreachable

The connection could not be restored.

Session expired

The server has moved on; the page needs a fresh start.